 Dungeon Crawl Stone Soup version 0.30-a0-313-gae38170b09 (webtiles) character file.

Game seed: 11740781877716548110

154 pyrow613 the Trooper (level 4, 40/40 HPs)
             Began as a Demigod Fighter on Oct 26, 2022.
             Got out of the dungeon alive.
             The game lasted 00:02:28 (2408 turns).

pyrow613 the Trooper (Demigod Fighter)              Turns: 2408, Time: 00:02:28

Health: 40/40      AC:  8    Str: 21    XL:     4   Next: 88%
Magic:  6/6        EV:  9    Int: 10    God:
Gold:   107        SH:  0    Dex: 13    Spells: 3/3 levels left

rFire   . . .      SeeInvis .    a - +0 war axe
rCold   . . .      Faith    .    (no shield)
rNeg    . . .      Spirit   .    b - +0 scale mail
rPois   .          Reflect  .    k - +0 helmet
rElec   .          Harm     .    (no cloak)
rCorr   .          Rampage  .    (no gloves)
Will    .....                    (no boots)
Stlth   ..........               (no amulet)
HPRegen 0.26/turn                (no ring)
MPRegen 0.10/turn                (no ring)

@: no status effects
A: high MP 1, forlorn, divine attributes
a: no special abilities


You escaped.
You visited 1 branch of the dungeon, and saw 3 of its levels.

You collected 107 gold pieces.

Inventory:

Hand Weapons
 a - a +0 war axe (weapon)
Armour
 b - a +0 scale mail (worn)
 k - a +0 helmet (worn)
Wands
 e - a wand of polymorph (7)
 f - a wand of light (4)
Scrolls
 c - 5 scrolls of identify {unknown}
 g - a scroll of butterflies {unknown}
 i - a scroll of amnesia {unknown}
 o - 2 scrolls of teleportation {unknown}
 r - a scroll of summoning {unknown}
Potions
 d - a potion of might
 h - a potion of invisibility {unknown}
 j - a potion of lignification {unknown}
 l - a potion of mutation {unknown}
 m - 2 potions of curing {unknown}
 n - a potion of heal wounds {unknown}
 p - 2 potions of berserk rage {unknown}
 q - a potion of magic {unknown}
 s - a potion of brilliance {unknown}


   Skills:
 * Level 4.2 Fighting
 + Level 2.8 Axes
 + Level 3.5 Armour
 - Level 2.7 Shields


You had 3 spell levels left.
You didn't know any spells.
Your spell library contained the following spells:

 Spells                   Type           Power      Damage    Failure   Level
 Beastly Appendage        Tmut           0%         N/A       71%         1
 Wereblood                Tmut           0%         N/A       83%         2
 Spider Form              Tmut/Pois      0%         N/A       97%         3
 Fireball                 Conj/Fire      0%         3d3       100%        5
 Iskenderun's Battlesphe  Conj           0%         2d6       100%        5
 Conjure Ball Lightning   Conj/Air       0%         3x3d6     100%        6
 Orb of Destruction       Conj           0%         9d5       100%        7


Dungeon Overview and Level Annotations

Branches:
Dungeon (3/15)


Innate Abilities, Weirdness & Mutations

You have an increased reservoir of magic. (+10% MP)
You shall have no god before yourself.
Your divine heritage dramatically boosts your attributes as you level up.


Message History

A gnoll is nearby!
You are too injured to fight recklessly!
A gnoll is nearby!
You are too injured to fight recklessly!
A gnoll is nearby!
You are too injured to fight recklessly!
A gnoll is nearby!
You are too injured to fight recklessly!
You slash the gnoll!
You kill the gnoll!
Your life force feels restored.
Items here: ))) ††.
You start resting.
HP restored.
You start waiting.
Done waiting.
Items here: ))) ††.
Things that are here:
a +0 dagger of draining; a +0 chain mail
There is a stone staircase leading up here.
You climb upwards.
There is a stone staircase leading down here.
(D) Dungeon
Where to? (Enter - D:3 @ (x,y), ? - help)
Okay, then.
Unknown command.
(D) Dungeon
Where to? (Enter - D:3 @ (x,y), ? - help)
Okay, then.
(D) Dungeon
Where to? (Enter - D:3 @ (x,y), ? - help)
What level of the Dungeon? (default 1, ? - help)
There is an escape hatch in the floor here.
There is a stone staircase leading up here.
You climb upwards.
There is a stone staircase leading down here.
You can't go up here!
There is a staircase leading out of the dungeon here.
Are you sure you want to leave the Dungeon?
This will make you lose the game!
You have escaped!

........##....#....###..#........
.#.###.##...........##..........#
.......#.....###.....##.#.#.##..#
......##.....# #.....##.#.#.##..#
.#[####.....## ##.....#.#.#.##..#
.#.####..#..# #..#..#.#.......#
......#..#..# #..#..#.....###.#
.#.##.#.....## ##.....#.#.#.# #.#
.#.##.##.....# #@....##.#.#.# #.#
.#.##.##.....###.....##.#.#.# #.#
.#.##.###.....#.....###.#.#.###.#
...(....##.........## #.#.#.##..#
.#.##....###.....### #..........
...........####### #.#.#.##..#
............###########.#.#.##..#
................................#
..............#####.###.#.......#


There were no monsters in sight!

Vanquished Creatures
  An orc wizard (D:3)
  5 adders
  3 gnolls (D:3)
  A worm (D:3)
  3 dart slugs
  4 orcs (D:3)
  3 ball pythons
  5 endoplasms
  2 giant cockroaches
  3 goblins
  5 hobgoblins
  2 quokkas (D:3)
  3 bats
  4 kobolds
  2 rats
46 creatures vanquished.

Notes
Turn   | Place    | Note
-------+----------+-------------------------------------------
     0 | D:1      | pyrow613 the Demigod Fighter began the quest for the Orb.
     0 | D:1      | Reached XP level 1. HP: 18/18 MP: 3/3
   272 | D:1      | Reached skill level 3 in Fighting
   277 | D:1      | Reached XP level 2. HP: 26/26 MP: 4/4
   995 | D:2      | Reached XP level 3. HP: 31/31 MP: 5/5
  1922 | D:3      | Reached XP level 4. HP: 34/34 MP: 6/6
  2034 | D:3      | Reached skill level 4 in Fighting
  2408 | D:$      | Got out of the dungeon alive.

Illustrated notes

Levels and vault maps discovered:
D:1:      minmay_arrival_loop, layout_basic, basic_ecumenical_altar
D:2:      layout_loops_cross
D:3:      layout_loops_ring, general_overflow_altar

Skill      XL: |  1  2  3  4 |
---------------+-------------+-----
Fighting       | 3 4 |  4.2
Axes           | 2 |  2.8
Armour         | 3 |  3.5
Shields        | |  2.7

Action                   |  1- 3 |  4- 6 || total
-------------------------+-------+-------++-------
Melee: War axe           |    96 |    39 ||   135
       Punch             |     1 |       ||     1
Armor: Scale mail        |    63 |    12 ||    75
Dodge: Dodged            |    63 |    15 ||    78

Table legend: (Time is in decaauts)
 A = Elapsed time spent in this place.
 B = Non-inter-level travel time spent in this place.
 C = Inter-level travel time spent in this place.
 D = Time resting spent in this place.
 E = Time spent auto-exploring this place.
 F = Levels seen in this place.
 G = Mean time per level.
                   A        B        C        D        E       F      G
               +--------+--------+--------+--------+--------+-----+--------+
         Total |   2461 |   2354 |    107 |    250 |   1747 |   3 |  820.3 |
       Dungeon |   2461 |   2354 |    107 |    250 |   1747 |   3 |  820.3 |
               +--------+--------+--------+--------+--------+-----+--------+

Top non-repeatable levels by time:
     D:1: 1007 daAuts
     D:3: 833 daAuts
     D:2: 620 daAuts
